 Dungeon Crawl Stone Soup version 0.28-a0-983-g1de4e0787c (webtiles) character file.

Game seed: 6911589416871996314

165 siradein the Skirmisher (level 5, 0/42 HPs)
             Began as a Demonspawn Fighter on Dec 3, 2021.
             Succumbed to a kobold brigand's poison
             ... in a sewer.
             The game lasted 00:07:09 (2573 turns).

siradein the Skirmisher (Demonspawn Fighter)        Turns: 2573, Time: 00:07:10

Health: 0/42       AC:  9    Str: 19    XL:     5   Next: 21%
Magic:  5/5        EV:  9    Int:  9    God:
Gold:   70         SH:  8    Dex: 12    Spells: 4/4 levels left

rFire   . . .      SeeInvis .   a - +0 long sword
rCold   . . .      Faith    .   c - +0 buckler
rNeg    . . .      Spirit   .   b - +0 scale mail
rPois   .          Reflect  .   o - +0 helmet
rElec   .          Harm     .   (no cloak)
rCorr   .          Rampage  .   n - +0 pair of gloves
Will    .....                   (no boots)
Stlth   ..........              (no amulet)
HPRegen 0.14/turn               (no ring)
MPRegen 0.09/turn               (no ring)

@: mighty, brilliant, lethally poisoned (0 -> -6)
A: claws 1, large bone plates 1, ignite blood 2
a: no special abilities


You were in a sewer.
You visited 1 branch of the dungeon, and saw 3 of its levels.
You also visited: Sewer.

You collected 70 gold pieces.

Inventory:

Hand Weapons
 a - a +0 long sword (weapon)
Missiles
 l - 48 bolts
Armour
 b - a +0 scale mail (worn)
 c - a +0 buckler (worn)
 n - a +0 pair of gloves (worn)
 o - a +0 helmet (worn)
Scrolls
 e - a scroll of identify {unknown}
 f - a scroll of noise {unknown}
 g - a scroll of enchant weapon {unknown}
 i - 2 scrolls of enchant armour {unknown}
 k - 2 scrolls of amnesia {unknown}
 p - a scroll of fog {unknown}
 q - a scroll of teleportation {unknown}
Potions
 h - a potion of brilliance
 j - a potion of lignification {unknown}
 m - a potion of mutation {unknown}
 r - a potion of curing {unknown}


   Skills:
 + Level 3.9 Fighting
 + Level 2.9 Long Blades
 + Level 3.5 Armour
 + Level 3.5 Shields


You had 4 spell levels left.
You didn't know any spells.
Your spell library contained the following spells:

 Spells                   Type           Power      Damage    Failure   Level
 Magic Dart               Conj           0%         1d3       77%         1
 Call Imp                 Summ           0%         N/A       88%         2
 Mephitic Cloud           Conj/Pois/Air  0%         N/A       98%         3


Dungeon Overview and Level Annotations

Branches:
Dungeon (3/15)              Sewer (1/1)

Altars:
Hepliaklqana
Qazlal

Shops:
D:3 (


Innate Abilities, Weirdness & Mutations

You have sharp fingernails.
You are partially covered in large bone plates. (SH +4)
Your demonic aura often causes spilled blood to erupt in flames.


Message History

You block the kobold brigand's attack. You block the jackal's attack.
The jackal bites you but does no damage.
Unknown command.
You hit the kobold brigand but do no damage.
The kobold brigand is heavily wounded.
You feel very sick. The jackal barely misses you.
The jackal bites you but does no damage.
The kobold brigand hits you with a +0 whip of venom.
The jackal bites you but does no damage.
You are too injured to fight recklessly!
You feel very mighty all of a sudden.
You feel sick. The jackal bites you.
* * * LOW HITPOINT WARNING * * *
The kobold brigand hits you with a +0 whip of venom.
* * * LOW HITPOINT WARNING * * *
You are lethally poisoned!
The jackal bites you but does no damage.
The jackal bites you.
* * * LOW HITPOINT WARNING * * *
You slash the kobold brigand!
The kobold brigand is severely wounded.
* * * LOW HITPOINT WARNING * * *
You feel very sick.
The jackal bites you but does no damage.
The kobold brigand is engulfed in blazing flames.
You kill the kobold brigand!
The jackal bites you but does no damage.
The jackal barely misses you. x2
You have reached level 5!
Your demonic ancestry asserts itself...
Large bone plates grow over parts of your arms.
You slash the jackal!
You kill the jackal!
* * * LOW HITPOINT WARNING * * *
You feel very sick.
The jackal bites you but does no damage.
It was a potion of brilliance.
You feel clever all of a sudden.
You die...

#.≈≈≈.# ###.≈≈≈.#
#∩..≈≈≈.# ###.≈≈≈≈#
#.≈≈≈.# ##.≈≈≈.##
#.≈≈≈≈≈.################
#..≈≈≈≈K≈≈≈≈≈≈≈≈≈≈≈≈≈≈≈≈
#.≈≈≈Kh@################
#..≈≈K°○# #.≈≈≈≈≈K#
#≈≈≈≈≈≈.# #≈≈≈≈≈≈.#
#≈≈≈≈≈≈.# #..≈≈≈≈≈#
#...≈≈≈.# ####.####


You could see a jackal and 4 kobolds.

Vanquished Creatures
  A kobold brigand (Sewer)
  Jessica (D:3)
  3 adders
  A worm (D:2)
  An orc (D:3)
  5 endoplasms
  7 giant cockroaches
  2 goblins (D:1)
  A jackal (Sewer)
  5 kobolds
  A quokka (D:3)
  3 bats
  3 frilled lizards (D:2)
  5 rats
39 creatures vanquished.

Notes
Turn   | Place    | Note
-------+----------+-------------------------------------------
     0 | D:1      | siradein the Demonspawn Fighter began the quest for the
                  | Orb.
     0 | D:1      | Reached XP level 1. HP: 18/18 MP: 1/1
   119 | D:1      | Found a faded altar of an unknown god.
   159 | D:1      | You fall into a shaft and drop 1 floor!
   181 | D:2      | Gained mutation: Your demonic aura sometimes causes spilled
                  | blood to erupt in flames. [demonic ancestry]
   181 | D:2      | Reached XP level 2. HP: 16/24 MP: 2/2
   993 | D:1      | Gained mutation: Your demonic aura often causes spilled
                  | blood to erupt in flames. [demonic ancestry]
   993 | D:1      | Reached XP level 3. HP: 29/29 MP: 3/3
  1833 | D:2      | Found a stormy altar of Qazlal.
  2154 | D:3      | Found a hazy altar of Hepliaklqana.
  2213 | D:3      | Found Amuoliki's Weapon Boutique.
  2320 | D:3      | Noticed Jessica
  2329 | D:3      | Killed Jessica
  2330 | D:3      | Gained mutation: You have sharp fingernails. [demonic
                  | ancestry]
  2330 | D:3      | Reached XP level 4. HP: 34/35 MP: 4/4
  2466 | D:3      | Found a glowing drain.
  2470 | Sewer    | Entered a sewer
  2554 | Sewer    | Noticed a kobold brigand
  2571 | Sewer    | Killed a kobold brigand
  2572 | Sewer    | Gained mutation: You are partially covered in large bone
                  | plates. (SH +4) [demonic ancestry]
  2572 | Sewer    | Reached XP level 5. HP: 3/42 MP: 5/5
  2572 | Sewer    | HP: 1/42 [poisoned by a kobold brigand]
  2573 | Sewer    | Succumbed to a kobold brigand's poison

Illustrated notes

Levels and vault maps discovered:
D:1:      onia_arrival_handbag, layout_loops_ring,
          hellmonk_ecumenical_altar_pennies_from_heaven
D:2:      layout_basic, basic_altar, hangedman_glass_garden
D:3:      layout_loops_corners, worldfamousw_hep_ancestral_shrine,
          gup_sewer_entry_bowl, serial_shops, nicolae_shop_bloodbath_and_beyond,
          nicolae_shop_hallway_stairs, uniq_jessica
Sewer:    sewer_kobolds

Skill      XL: |  1  2 |
---------------+-------+-----
Long Blades    | 2 |  2.9
Armour         | 3 |  3.5
Shields        | 3 |  3.5
Fighting       | |  3.9

Action                   |  1- 3 |  4- 6 || total
-------------------------+-------+-------++-------
Melee: Long sword        |    76 |    28 ||   104
  Use: Potion            |       |     2 ||     2
Armor: Scale mail        |    30 |    26 ||    56
Dodge: Dodged            |    45 |    20 ||    65
Block: Buckler           |    11 |     4 ||    15

Table legend: (Time is in decaauts)
 A = Elapsed time spent in this place.
 B = Non-inter-level travel time spent in this place.
 C = Inter-level travel time spent in this place.
 D = Time resting spent in this place.
 E = Time spent auto-exploring this place.
 F = Levels seen in this place.
 G = Mean time per level.
                   A        B        C        D        E       F      G
               +--------+--------+--------+--------+--------+-----+--------+
         Total |   2630 |   2545 |     85 |      0 |   1858 |   4 |  657.5 |
       Dungeon |   2505 |   2420 |     85 |      0 |   1770 |   3 |  835.0 |
         Sewer |    124 |    124 |      0 |      0 |     88 |   1 |  124.0 |
               +--------+--------+--------+--------+--------+-----+--------+

Top non-repeatable levels by time:
     D:2: 1148 daAuts
     D:1: 962 daAuts
     D:3: 395 daAuts
   Sewer: 124 daAuts
